Map: Interloper LE

Players

soul - Winner!

  • Race: Terran Terran
  • Spawn Location: 11:00

Jig

  • Race: Zerg Zerg
  • Spawn Location: 5:00

Event: WCS Montreal 2017

VOD

Have the link to the VOD?

Description

Time

  • Played on: Sept. 8, 2017, 6:43 p.m.
  • Length: 13:36

All games in this series

Show
View Real Time Build Order
Export as new Build Order

soul Terran - Winner!

Build Orders: Gas First Reaper Expand, Reaper Expand, Bio Mine, Hellion Banshee 

Get SALT Encoding   

  12  0:00  SCV  
  13  0:13  SCV  
  14  0:17  Supply Depot  
  14  0:25  SCV  
  15  0:31  Refinery  
  15  0:38  SCV  
  16  0:46  Barracks  
  16  0:52  SCV  
  17  1:04  SCV  
  18  1:16  SCV  
  19  1:33  Orbital Command, Reaper  
  20  1:45  Command Center  
  20  1:56  Factory  
  20  2:00  SCV  
  21  2:07  Supply Depot  
  21  2:11  Barracks Reactor  
  21  2:14  SCV  
  22  2:18  Refinery  
  22  2:27  SCV  
  23  2:39  SCV  
  24  2:44  Starport  
  24  2:51  SCV, Hellion x2  
  29  2:58  Orbital Command  
  29  3:01  Barracks Tech Lab  
  29  3:03  SCV  
  30  3:12  Widow Mine x2  
  34  3:15  SCV  
  35  3:24  Supply Depot, SCV  
  36  3:27  SCV  
  36  3:28  Medivac  
  36  3:33  Cloaking Field  
  39  3:36  SCV  
  39  3:39  SCV  
  41  3:43  Hellion  
  41  3:46  Hellion  
  45  3:48  SCV  
  45  3:52  Supply Depot, SCV  
  47  4:00  SCV  
  47  4:01  Banshee  
  51  4:04  SCV  
  51  4:09  Hellion  
  54  4:14  SCV, Hellion  
  54  4:16  SCV  
  58  4:18  Supply Depot  
  58  4:23  Armory  
  58  4:26  SCV  
  58  4:28  SCV  
  60  4:34  Supply Depot  
  60  4:38  SCV  
  59  4:40  Hellion  
  59  4:42  SCV  
  62  4:46  Banshee  
  65  4:53  Barracks Tech Lab  
  65  4:54  Command Center, Hellion  
  67  5:00  SCV  
  67  5:01  Supply Depot x2  
  67  5:04  SCV  
  65  5:09  Hellion  
  67  5:15  SCV  
  68  5:24  SCV  
  69  5:29  SCV  
  63  5:36  SCV  
  63  5:38  Hellion x2  
  63  5:42  SCV  
  63  5:45  Barracks  
  63  5:46  Barracks, Marine, Stimpack, Engineering Bay  
  63  5:48  Engineering Bay  
  63  5:49  SCV  
  63  5:57  SCV  
  63  5:58  Refinery x2  
  63  5:59  Hellion x2  
  63  6:02  Starport Reactor  
  68  6:04  Marine  
  68  6:06  Orbital Command  
  68  6:08  SCV  
  70  6:19  Terran Infantry Weapons Level 1  
  70  6:20  Barracks  
  70  6:21  Terran Infantry Armor Level 1  
  70  6:22  Liberator, Marine  
  70  6:23  Barracks  
  71  6:27  Orbital Command  
  71  6:35  SCV  
  71  6:36  Barracks Reactor  
  72  6:40  Medivac, Marine  
  72  6:41  SCV  
  72  6:46  Supply Depot  
  79  6:47  SCV  
  79  6:53  SCV  
  78  6:56  SCV  
  78  6:58  Siege Tank  
  78  6:59  SCV  
  83  7:05  SCV  
  83  7:08  Marine, SCV  
  84  7:11  Barracks Reactor  
  84  7:12  SCV  
  84  7:13  Marine x3  
  88  7:19  Bunker, Barracks Reactor, SCV  
  88  7:20  SCV  
  88  7:21  Marine  
  88  7:22  Supply Depot  
  89  7:23  Supply Depot  
  89  7:24  SCV  
  89  7:25  Marine  
  91  7:30  Marine  
  91  7:31  Marine, SCV  
  91  7:33  Medivac x2  
  91  7:34  Marine, SCV  
  101  7:37  SCV  
  101  7:39  Marine  
  101  7:43  Marine, SCV  
  97  7:47  Combat Shields, Marine  
  97  7:48  Marine x2  
  96  7:53  Marine  
  96  7:54  Marine  
  96  7:56  Marine  
  96  7:57  Marine x2  
  99  7:59  Siege Tank  
  99  8:01  Marine  
  99  8:03  Medivac  
  99  8:04  SCV  
  99  8:05  Marine  
  107  8:06  Marine  
  107  8:07  Factory  
  107  8:08  Marine, Refinery x2  
  107  8:09  Supply Depot x2  
  107  8:10  SCV  
  107  8:11  Marine  
  107  8:12  Marine  
  112  8:15  Marine  
  112  8:17  Marine  
  111  8:20  Medivac, Marine  
  111  8:21  Marine  
  111  8:23  Marine  
  111  8:24  Marine  
  111  8:26  Marine  
  118  8:28  Terran Infantry Armor Level 2  
  118  8:29  Marine  
  118  8:33  Supply Depot x2, Command Center  
  119  8:38  Terran Infantry Weapons Level 2  
  119  8:44  Terran Vehicle Weapons Level 1  
  119  8:46  Barracks x2  
  119  8:47  Barracks  
  119  8:50  Marine x5  
  119  8:52  Marine  
  119  8:54  Marine  
  122  8:56  Factory Tech Lab, Marine  
  122  8:58  Marine  
  122  9:02  Medivac  
  117  9:07  Marine  
  117  9:08  Marine x2  
  117  9:09  Marine x2  
  122  9:10  Marine  
  122  9:14  Siege Tank  
  126  9:17  Siege Tank  
  126  9:18  Marine x3  
  126  9:23  Medivac  
  134  9:30  Supply Depot, SCV  
  134  9:31  SCV x2  
  137  9:32  Supply Depot, Sensor Tower  
  137  9:35  Marine  
  137  9:36  Barracks Tech Lab x2  
  138  9:43  SCV  
  134  9:51  Marine x3  
  134  9:52  Marine x4, Marauder  
  128  9:55  Marine  
  128  10:01  Siege Tank x2  
  128  10:02  Barracks Tech Lab  
  117  10:07  Marine  
  117  10:13  Marine  
  119  10:14  Marine, Marauder x2  
  119  10:17  Marine x2  
  119  10:19  Marine x4  
  119  10:22  Marine  
  119  10:25  Marine  
  103  10:31  Marine  
  103  10:32  Marine  
  103  10:35  Marine x4  
  111  10:37  Marine  
  111  10:38  Marine x2  
  115  10:43  Drilling Claws  
  115  10:45  Widow Mine  
  115  10:49  Orbital Command  
  114  10:50  Liberator, Marine  
  114  10:52  Marine  
  114  10:55  Widow Mine  
  118  10:57  Liberator  
  118  11:00  Marine, Marauder  
  118  11:01  Marine  
  118  11:02  Marine  
  126  11:18  Marine  
  128  11:20  Marine x3  
  128  11:21  Marine  
  128  11:23  Marine  
  133  11:26  Marine  
  133  11:27  Marine  
  133  11:31  Marine  
  115  11:33  Marine x3  
  115  11:36  Marine  
  115  11:37  Marine  
  102  11:42  Widow Mine  
  102  11:43  Widow Mine  
  106  11:49  Marine x2  
  106  11:53  Marine x3, Marauder  
  106  11:57  Marauder  
  108  12:08  Marine, Marauder x2  
  112  12:11  Widow Mine x2  
  112  12:15  Marine  
  120  12:16  Marauder  
  120  12:19  Marauder  
  122  12:24  Marine  
  122  12:26  Marine  
  122  12:27  Marine  
  122  12:28  Marine  
  126  12:31  Marauder  
  126  12:34  Marine  
  126  12:35  Liberator, Marine  
  127  12:37  Marine x2  
  127  12:38  Marine  
  127  12:39  Widow Mine  
  127  12:40  Widow Mine  
  133  12:47  Marine  
  133  12:49  Marine x2  
  133  12:50  Marauder  
  119  12:52  Marine  
  119  12:53  Marine  
  119  12:55  Marine  
  119  12:57  Marine  
  125  12:59  Marine  
  125  13:00  Marine  
  125  13:02  Marine  
  125  13:04  Marauder  
  126  13:17  Marine x6  
  126  13:18  Marine  
Show
View Real Time Build Order
Export as new Build Order

Jig Zerg 

Build Orders: Hatch First 

Get SALT Encoding   

  12  0:00  Drone  
  13  0:11  Overlord  
  13  0:17  Drone  
  14  0:30  Drone x2  
  14  0:34  Drone  
  17  0:51  Hatchery  
  17  0:54  Drone  
  17  0:57  Drone  
  18  1:08  Extractor  
  17  1:12  Spawning Pool  
  17  1:15  Drone  
  17  1:18  Drone  
  18  1:27  Drone  
  19  1:38  Overlord  
  19  1:48  Drone  
  20  1:59  Queen  
  20  2:00  Zergling x2  
  23  2:03  Queen, Zergling x2  
  26  2:11  Metabolic Boost  
  26  2:13  Drone  
  27  2:27  Hatchery  
  26  2:30  Drone  
  26  2:33  Drone  
  28  2:41  Queen  
  30  2:45  Drone  
  30  2:50  Drone x2  
  33  2:53  Overlord  
  33  2:57  Drone  
  34  3:03  Drone x2  
  36  3:09  Overlord  
  36  3:13  Drone x3  
  36  3:15  Drone  
  36  3:19  Drone  
  42  3:20  Drone  
  42  3:22  Drone x2  
  44  3:33  Drone  
  45  3:36  Queen  
  45  3:37  Queen  
  49  3:45  Queen  
  52  3:48  Drone x4  
  52  3:50  Drone x2  
  52  3:53  Drone  
  58  4:01  Spine Crawler, Drone  
  58  4:04  Overlord  
  58  4:09  Spore Crawler  
  57  4:15  Spore Crawler, Evolution Chamber  
  57  4:16  Evolution Chamber  
  54  4:19  Drone x4  
  58  4:25  Zergling x10  
  58  4:29  Zergling x6  
  66  4:37  Overlord  
  66  4:45  Drone x5  
  64  4:47  Drone x2  
  64  4:51  Overlord  
  66  4:53  Overlord  
  66  4:56  Drone x4  
  70  5:07  Drone x4  
  70  5:08  Zerg Melee Weapons Level 1  
  70  5:09  Zerg Ground Armor Level 1  
  70  5:11  Drone  
  75  5:17  Drone x2  
  75  5:18  Extractor, Drone x2  
  75  5:21  Baneling Nest  
  77  5:24  Overlord  
  68  5:36  Drone x4  
  68  5:38  Drone x2  
  71  5:43  Drone x2  
  71  5:49  Overlord  
  73  5:50  Drone x5  
  78  5:57  Extractor x2  
  78  5:59  Extractor, Drone  
  78  6:00  Drone x4  
  80  6:07  Drone  
  81  6:15  Spore Crawler, Overlord  
  75  6:28  Drone x4  
  75  6:29  Drone  
  78  6:38  Overlord  
  78  6:49  Hatchery  
  78  6:51  Overlord x2  
  77  6:54  Lair  
  77  6:58  Overlord  
  77  7:03  Overlord  
  77  7:12  Drone  
  77  7:13  Drone x8, Roach Warren  
  77  7:14  Drone  
  86  7:18  Overlord  
  85  7:22  Extractor  
  85  7:23  Overlord  
  85  7:26  Extractor  
  83  7:31  Drone x3  
  83  7:33  Extractor  
  83  7:47  Zergling x14  
  90  7:56  Zergling x10  
  93  8:01  Zerg Melee Weapons Level 2  
  93  8:03  Zerg Ground Armor Level 2  
  91  8:06  Zergling x10  
  91  8:11  Drone x2  
  97  8:15  Drone x3  
  95  8:21  Centrifical Hooks  
  95  8:22  Zergling x8  
  95  8:26  Spore Crawler  
  98  8:28  Zergling x4  
  98  8:33  Zergling x6  
  98  8:34  Zergling x6  
  106  8:35  Hatchery  
  106  8:36  Infestation Pit  
  106  8:39  Zergling x2  
  106  8:40  Zergling x4  
  107  8:44  Zergling x2  
  107  8:45  Zergling x6  
  99  8:57  Overlord  
  99  9:01  Zergling x6  
  99  9:06  Zergling x22  
  106  9:11  Zergling x4  
  106  9:12  Baneling x8  
  106  9:13  Baneling  
  106  9:14  Overseer  
  108  9:17  Drone  
  108  9:18  Drone  
  108  9:19  Queen  
  108  9:21  Baneling x7  
  108  9:22  Overseer, Baneling  
  112  9:27  Pathogen Glands  
  112  9:28  Hive, Zergling x2  
  112  9:29  Zergling x6  
  116  9:33  Baneling x17  
  116  9:34  Baneling x6  
  116  9:37  Zergling x16  
  116  9:38  Zergling x4  
  121  9:52  Zergling x8  
  115  9:53  Zergling x6  
  115  10:00  Overlord  
  104  10:08  Zergling x24  
  104  10:11  Zergling x2  
  104  10:12  Zergling x8  
  112  10:15  Zergling x2  
  112  10:19  Zergling x4  
  93  10:29  Zergling x18  
  93  10:30  Baneling x4  
  102  10:37  Infestor x3  
  102  10:39  Zergling x8  
  102  10:42  Zergling x4  
  114  10:53  Zergling x4  
  114  10:54  Zergling x6  
  114  10:56  Zergling x4  
  119  11:00  Drone x3  
  122  11:04  Hatchery, Zergling x2  
  122  11:05  Zergling x12  
  124  11:18  Zergling x6  
  124  11:19  Zergling x8  
  124  11:21  Baneling x8  
  124  11:22  Baneling  
  131  11:25  Zergling x2  
  131  11:26  Zergling x4  
  117  11:37  Zergling x24  
  119  11:52  Zergling x10  
  119  11:53  Zergling x4  
  104  11:55  Zergling x10  
  104  12:01  Baneling x6  
  109  12:02  Zergling x6  
  109  12:03  Zergling x2  
  113  12:09  Burrow  
  113  12:10  Zergling x4  
  113  12:11  Zergling x4  
  117  12:17  Zergling x10  
  120  12:25  Zergling x10  
  112  12:38  Zergling x20  
  112  12:41  Baneling x4  
  112  12:44  Zergling x2  
  90  12:52  Drone, Zergling x2  
  90  12:54  Zergling x6  
  86  12:59  Zergling x10  
  86  13:03  Baneling x2  
  79  13:19  Zergling x8  
Tags
 
Add a new tag
Caveats
  • Supply blocks, unpowered buildings, or Contaminate may cause inaccurate times.
  • Supply counts are checked every 10 seconds.